 Dungeon Crawl Stone Soup version 0.31-a0-198-g2ad674f65e (webtiles) character file.

Game seed: 11354460994688741759

1084 qw the Skirmisher (level 8, -1/44 (46) HPs)
             Began as a Deep Elf Hunter on June 25, 2023.
             Slain by a wight
             ... wielding a +3 halberd
              (4 damage)
             ... on level 6 of the Dungeon.
             The game lasted 00:01:37 (4694 turns).

qw the Skirmisher (Deep Elf Hunter)                 Turns: 4694, Time: 00:01:38

HP:   -1/44 (46)    AC:  7    Str: 10    XL:     8   Next: 8%
MP:   10/10         EV: 11    Int: 15    God:
Gold: 163           SH:  0    Dex: 18    Spells: 7/7 levels left

rFire   . . .        Y - +2 shortbow
rCold   . . .        (shield currently unavailable)
rNeg    . . .        d - +0 ring mail
rPois   .            (no helmet)
rElec   .            (no cloak)
rCorr   .            a - +0 pair of gloves
SInv    +            c - +0 pair of boots
Will    .....        b - amulet of the acrobat
Stlth   +            f - ring of see invisible
HPRegen 0.27/turn    (no ring)
MPRegen 0.12/turn

%: acrobat
@: about to teleport, lightly drained
A: no striking features
a: no special abilities


You were on level 6 of the Dungeon.
You visited 1 branch of the dungeon, and saw 6 of its levels.

You collected 163 gold pieces.


   Skills:
 - Level 3.1 Fighting
 - Level 12.0 Ranged Weapons
 - Level 1.3 Armour
 + Level 3.6 Dodging
 - Level 1.2 Stealth


You had 7 spell levels left.
You didn't know any spells.
Your spell library was empty.

Inventory:

Hand Weapons
 Y - a +2 shortbow (weapon)
Armour
 a - a +0 pair of gloves (worn)
 c - a +0 pair of boots (worn)
 d - a +0 ring mail (worn)
Jewellery
 b - an amulet of the acrobat (around neck)
 f - a ring of see invisible (left hand)
Scrolls
 g - a scroll of identify
 i - a scroll of teleportation
Potions
 e - a potion of might {unknown}
 h - a potion of heal wounds
 k - a potion of degeneration {unknown}
 o - a potion of brilliance {unknown}

Dungeon Overview and Level Annotations

Branches:
Dungeon (6/15)
 Temple: D:4-7

Altars:
Ashenzari
Dithmenos
Elyvilon
Kikubaaqudgha
Trog
Zin

Shops:
D:4 :


Message History

The arrow closely misses the howler monkey.
The howler monkey hits you but does no damage.
You shoot an arrow. The arrow hits the howler monkey.
You kill the howler monkey!
The wight hits you from afar with a +3 halberd!
The wight closely misses you.
A howler monkey comes into view.
Your Fighting skill increases to level 3!
You have reached level 8!
You feel clever.
You shoot an arrow. The arrow hits the wight!
The wight is heavily damaged.
The wight hits you from afar with a +3 halberd!
You feel drained. The wight closely misses you.
The iguana bites you but does no damage.
You shoot an arrow. The arrow hits the wight.
The wight is heavily damaged.
The wight misses you. The iguana bites you. The wight barely misses you.
You shoot an arrow.
The arrow hits the wight but does no damage.
The wight is heavily damaged.
The wight completely misses you. The iguana barely misses you.
A wight comes into view.
It is wielding a +4 great sword of freezing.
The wight closely misses you.
You shoot an arrow. The arrow hits the wight!
You destroy the wight!
The wight hits you but does no damage. The iguana closely misses you.
Your life force feels restored.
You shoot an arrow.
The arrow hits the wight but does no damage.
The howler monkey hoots and howls with incredible vigour!
The wight hits you from afar with a +3 halberd!
The iguana barely misses you. The wight completely misses you.
You hear an angry hiss.
You hear a shout! x2
4694 ||| READING 2 scrolls of teleportation.
As you read the scroll of teleportation, it crumbles to dust.
You feel strangely unstable. The scorpion closely misses you.
The wight hits you from afar with a +3 halberd!
You feel drained.
You die...

## ############# ..
#####...........#
#.##...............#
..##..................#
......z@s..#...<......#
....##.)l..#.^.ยค......#
. ...z...h.#..[..>....#
..z##.............###
....# #.............#
###. #....###<.....# #
#....# #.....s..
####.............
.).......##..


You could see a scorpion, a howler monkey (catching breath), an iguana and 3
wights.

Vanquished Creatures
  A water moccasin (D:5)
  2 phantoms
  2 scorpions
  A wight (D:6)
  3 howler monkeys
  A jelly (D:6)
  An orc priest (D:3)
  4 hounds
  Ijyb (D:5)
  3 iguanas
  An orc wizard (D:5)
  10 gnolls
  5 adders
  A white imp (D:5)
  2 ufetubi
  4 worms
  11 orcs
  4 endoplasms
  4 giant cockroaches
  7 goblins
  5 hobgoblins
  8 jackals (D:3)
  4 quokkas (D:4)
  7 ball pythons
  2 bats
  3 kobolds
  6 rats
103 creatures vanquished.

Vanquished Creatures (others)
  A butterfly (D:4)
1 creature vanquished.

Grand Total: 104 creatures vanquished

Notes
Turn   | Place    | Note
-------+----------+-------------------------------------------
     0 | D:1      | qw the Deep Elf Hunter began the quest for the Orb.
     0 | D:1      | Reached XP level 1. HP: 12/12 MP: 3/3
     0 | D:1      | 0 ||| qw: Version: 0.3-a-22-g0ed2b0b
     0 | D:1      | 0 ||| qw: Game counter: 4927
     0 | D:1      | 0 ||| qw: Melee chars always use a shield: true
     0 | D:1      | 0 ||| qw: God list: Okawaru
     0 | D:1      | 0 ||| qw: Allow faded altars: false
     0 | D:1      | 0 ||| qw: Do Orc after clearing Dungeon:15 true
     0 | D:1      | 0 ||| qw: Do second Lair branch before Depths: true
     0 | D:1      | 0 ||| qw: Lair rune preference: random
     0 | D:1      | 0 ||| qw: Goals: Normal
     0 | D:1      | 0 ||| PLANNING D:1-11
     2 | D:1      | Noticed a tengu
     2 | D:1      | Noticed a demonspawn
     4 | D:1      | Noticed a troll
     6 | D:1      | Noticed an armataur
     6 | D:1      | Noticed a felid
     8 | D:1      | Noticed a demigod
     8 | D:1      | Noticed a spriggan
    10 | D:1      | Noticed a merfolk
    12 | D:1      | Noticed a formicid
    12 | D:1      | Noticed an ogre
    14 | D:1      | Noticed a ghoul
    14 | D:1      | Noticed a minotaur
    16 | D:1      | Noticed an elf
    18 | D:1      | Noticed a human
    18 | D:1      | Noticed a draconian
    20 | D:1      | Noticed a naga
    20 | D:1      | Noticed a vampire
    22 | D:1      | Noticed a meteoran
    22 | D:1      | Noticed a gargoyle
    24 | D:1      | Noticed a vine stalker
    26 | D:1      | Noticed a draconian
    26 | D:1      | Noticed a felid
   563 | D:1      | Reached skill level 6 in Ranged Weapons
   563 | D:1      | Reached XP level 2. HP: 16/16 MP: 4/4
   699 | D:1      | 699 ||| DROPPING amulet of magic regeneration.
   700 | D:1      | 700 ||| READING scroll labelled VACSUI XYAS.
   701 | D:1      | 701 ||| DRINKING 2 clear potions.
   709 | D:1      | 709 ||| DROPPING scroll of butterflies.
   710 | D:1      | 710 ||| DROPPING potion of ambrosia.
   963 | D:2      | You fall into a shaft and drop 2 floors!
   972 | D:4      | 972 ||| UPGRADING to +0 pair of gloves.
   977 | D:4      | 977 ||| READING 2 scrolls labelled BAFYLUXO ITOFY.
   978 | D:4      | 978 ||| READING scroll of enchant weapon.
   978 | D:4      | 978 ||| ENCHANTING +1 shortbow.
  1030 | D:3      | Reached skill level 7 in Ranged Weapons
  1030 | D:3      | Reached XP level 3. HP: 13/20 MP: 5/5
  1106 | D:3      | Found a bloodstained altar of Trog.
  1172 | D:3      | Reached XP level 4. HP: 24/25 MP: 6/6
  1210 | D:3      | 1210 ||| UPGRADING to +0 ring mail.
  1223 | D:3      | 1223 ||| DROPPING +0 leather armour.
  1224 | D:3      | 1224 ||| UPGRADING to amulet of the acrobat.
  1229 | D:3      | 1229 ||| UPGRADING to ring of see invisible.
  1326 | D:2      | Found a faded altar of an unknown god.
  1764 | D:2      | 1764 ||| DROPPING +0 robe of cold resistance.
  1765 | D:2      | 1765 ||| READING scroll labelled UNWOTO XIKK.
  1768 | D:2      | 1768 ||| READING scroll labelled UPUZXY OG HEK.
  1900 | D:3      | Reached skill level 8 in Ranged Weapons
  2005 | D:3      | Found a glowing silver altar of Zin.
  2306 | D:3      | 2306 ||| READING 2 scrolls labelled QEONWO QIOQON.
  2307 | D:3      | 2307 ||| DRINKING 2 murky red potions.
  2308 | D:3      | 2308 ||| DROPPING scroll of fog.
  2472 | D:4      | Found a white marble altar of Elyvilon.
  2499 | D:4      | Reached XP level 5. HP: 29/29 MP: 7/7
  2756 | D:4      | Reached skill level 9 in Ranged Weapons
  2811 | D:4      | Found Puhit's Book Emporium.
  2951 | D:4      | Noticed a phantom
  2966 | D:4      | Killed a phantom
  2967 | D:4      | Reached XP level 6. HP: 34/35 MP: 8/8
  3240 | D:4      | Reached skill level 10 in Ranged Weapons
  3263 | D:4      | 3263 ||| UPGRADING to +0 pair of boots.
  3268 | D:4      | 3268 ||| DROPPING scarf of invisibility.
  3269 | D:4      | 3269 ||| READING scroll labelled TIYMNY VELORR.
  3270 | D:4      | 3270 ||| READING scroll labelled MODEBRO METHRUH.
  3271 | D:4      | 3271 ||| DRINKING 2 fizzy yellow potions.
  3300 | D:5      | Entered Level 5 of the Dungeon
  3301 | D:5      | 3301 ||| PLANNING SEWER
  3349 | D:5      | Reached skill level 1 in Armour
  3361 | D:5      | Reached skill level 3 in Dodging
  3409 | D:5      | Reached XP level 7. HP: 35/40 MP: 9/9
  3654 | D:5      | Found a shadowy altar of Dithmenos.
  3657 | D:5      | Found an ancient bone altar of Kikubaaqudgha.
  3662 | D:5      | Found a broken altar of Ashenzari.
  3711 | D:5      | Noticed Ijyb
  3720 | D:5      | Killed Ijyb
  3905 | D:5      | Reached skill level 11 in Ranged Weapons
  3933 | D:5      | 3933 ||| RIP SEWER
  3954 | D:5      | 3954 ||| PLANNING D:1-11
  4088 | D:5      | 4088 ||| DRINKING potion of curing.
  4088 | D:5      | 4088 ||| (to cure confusion)
  4584 | D:5      | 4584 ||| READING scroll labelled RUDUKY POZXIFE.
  4585 | D:5      | 4585 ||| DRINKING 2 sedimented emerald potions.
  4586 | D:5      | 4586 ||| DRINKING 3 fuming golden potions.
  4587 | D:5      | 4587 ||| READING 2 scrolls of identify.
  4587 | D:5      | 4587 ||| IDENTIFYING gluggy clear potion
  4588 | D:5      | 4588 ||| DROPPING potion of berserk rage.
  4589 | D:5      | 4589 ||| DROPPING potion of invisibility.
  4590 | D:5      | 4590 ||| DROPPING 2 potions of attraction.
  4665 | D:6      | Reached skill level 12 in Ranged Weapons
  4689 | D:6      | Reached skill level 3 in Fighting
  4689 | D:6      | Reached XP level 8. HP: 32/46 MP: 10/10
  4693 | D:6      | HP: 11/46 [wight/+3 halberd (10)]
  4694 | D:6      | 4694 ||| READING 2 scrolls of teleportation.
  4694 | D:6      | HP: 3/46 [wight/+3 halberd (8)]
  4694 | D:6      | Slain by a wight

Levels and vault maps discovered:
D:1:      kb_arrival_jail, layout_basic
D:2:      layout_basic, shapermc_ecumenical_altar_mp_highgroup
D:3:      layout_loops_ring, mainiacjoe_overflow_chevrons, lemuel_doored_altar
D:4:      layout_loops_corners, nicolae_elyvilon_peaceful_grove, serial_shops,
          shop
D:5:      layout_layer_cave, grunt_temple_overflow_diamond,
          portal_sewer_entry_b, uniq_ijyb
D:6:      layout_rooms, temple_statues, uniq_blork_the_orc

Skill      XL: |  1  2  3  4  5  6  7 |
---------------+----------------------+-----
Ranged Weapons | 6 7 8 9 10 12 | 12.0
Fighting       | 2 3 |  3.1
Armour         | 1 |  1.3
Dodging        | 3 |  3.6
Stealth        | |  1.2

Action                     |  1- 3 |  4- 6 |  7- 9 || total
---------------------------+-------+-------+-------++-------
   Fire: Shortbow          |    66 |   155 |   119 ||   340
    Use: Scroll            |     3 |     5 |     3 ||    11
         Potion            |     1 |     2 |     3 ||     6
 Armour: Leather armour    |     4 |     2 |       ||     6
         Ring mail         |       |    21 |    18 ||    39
  Dodge: Dodged            |     6 |    41 |    26 ||    73

Table legend:
 A = Non-vault XP
 B = Vault XP
 C = Vault XP percentage of total XP
 D = Non-vault monster count
 E = Vault monster count
 F = Vault count percentage of total count
                 A         B        C        D         E       F
            +---------+---------+-------+---------+---------+-------
      Total |    1501 |      48 |   3.1 |      98 |       5 |   4.9
            +---------+---------+-------+---------+---------+-------
        D:1 |      13 |       0 |   0.0 |      10 |       0 |   0.0
        D:2 |      34 |       0 |   0.0 |      11 |       0 |   0.0
        D:3 |     142 |       0 |   0.0 |      33 |       0 |   0.0
        D:4 |     332 |       0 |   0.0 |      16 |       0 |   0.0
        D:5 |     652 |      48 |   6.9 |      23 |       5 |  17.9
        D:6 |     328 |       0 |   0.0 |       5 |       0 |   0.0
            +---------+---------+-------+---------+---------+-------
